Unix xNetHack Version 7.1.0 - last build Jul 4 2022 02:09:00 (ec8469f2eb63cac24863ec985b09651f3a72bf9f). Game began 2022-07-06 11:32:02, ended 2022-07-06 14:34:07. Raisse, neutral female gnomish Wizard ------------------------ |......................| |.~-------------------.| ----.| ----- |.| |..|.-- --..0| |.| |...G.|--|....| |.| |..Y..|..|....| |.| --....|.....0-- |.| |.......|...| ------|.| |....|..|...| --|.....|.| |....---|...| |~+$$...|.| |.......|..-- |-|$$$$.|%| ----.0..|.-- |.+$$$$%-%| ---.--.| |-|$$$$.|-- |.....| |.+$$$$.| |>.|0.| --|$$$$.| ------- ------- Raisse the Thaumaturge St:13 Dx:12 Co:17 In:19 Wi:9 Ch:11 Neutral Dlvl:4 $:129 HP:0(57) Pw:56(56) AC:8 Xp:6/605 T:5498 Latest messages: You are surrounded by a shimmering light. The winter wolf cub starts to attack you, but pulls back. The winter wolf cub starts to attack you, but pulls back. The winter wolf cub starts to attack you, but pulls back. You finish your prayer. You feel that Thoth is well-pleased. You feel much better. You miss the winter wolf cub. The winter wolf cub bites! You miss the winter wolf cub. The winter wolf cub bites! You gore the winter wolf cub. The winter wolf cub bites! You miss the winter wolf cub. The winter wolf cub bites! You jab the winter wolf cub. The winter wolf cub bites! You jab the winter wolf cub. The winter wolf cub bites! You miss the winter wolf cub. The winter wolf cub bites! You impale the winter wolf cub. The winter wolf cub bites! You miss the winter wolf cub. The winter wolf cub bites! You stab the winter wolf cub. The winter wolf cub bites! You feel more confident in your weapon skills. You pierce the winter wolf cub. The winter wolf cub bites! You are now more skilled in dagger. You feel you could be more dangerous! You are now more skilled in attack spells. What do you want to zap? [dfg or ?*] ? In what direction? n The wand hits the winter wolf cub! The winter wolf cub bites! What do you want to zap? [dfg or ?*] f In what direction? n The wand hits the winter wolf cub! You kill the winter wolf cub! What do you want to write with? [- acdf-iopyIO or ?*] - You write in the dust with your fingertip. What do you want to write in the dust here? Elbereth The owlbear turns to flee. The owlbear claws you! The owlbear claws you! You die... Do you want your possessions identified? [ynq] (y) y Do you want to see your attributes? [ynq] (y) q Major events: Turn 1: Raisse the neutral female gnomish Wizard entered the dungeon 943: attained the rank of Conjurer (level 3) 2398: entered Sokoban 2884: completed sokoban 1 3840: completed sokoban 2 3858: attained the rank of Thaumaturge (level 6) 4256: completed sokoban 3 5406: completed sokoban 4 5498: killed by an owlbear Inventory: Inventory: 369/800 weight (33/52 slots) Coins $ - 129 gold pieces {1} Weapons a - 2 uncursed +0 daggers (wielded) {20} p - 3 blessed +1 darts {3} y - an uncursed +0 orcish dagger {10} I - a blessed +1 quarterstaff {40} Armor C - an uncursed +0 cloak of magic resistance (being worn) {8} H - an uncursed +0 helm of telepathy (being worn) {38} Comestibles e - 4 uncursed food rations {80} k - an uncursed pancake {2} l - an uncursed tin of spinach {10} z - an uncursed banana {2} T - 4 uncursed tripe rations {40} W - an uncursed sprig of wolfsbane {1} X - an uncursed eucalyptus leaf {1} Scrolls x - 2 uncursed scrolls of teleportation {10} E - 2 uncursed scrolls of enchant weapon {10} M - a cursed scroll of identify {5} P - an uncursed scroll of create monster {5} S - a blessed scroll of teleportation {5} U - an uncursed scroll of identify {5} V - an uncursed scroll of light {5} Y - a cursed scroll of water {5} Potions j - an uncursed potion of levitation {20} Rings c - a cursed ring of searching {3} h - an uncursed ring of sustain ability {3} i - an uncursed +1 ring of adornment {3} o - an uncursed ring of stealth {3} Wands d - an uncursed wand of fire (0:6) {7} f - an uncursed wand of striking (0:2) {7} g - a blessed wand of light (0:12) {7} Tools b - an uncursed blindfold {2} q - an uncursed skeleton key {3} w - an uncursed magic whistle {3} O - an uncursed magic marker (0:48) {2} Raisse the Wizard's attributes: Background: You were a Thaumaturge, a level 6 female gnomish Wizard. You were neutral, on a mission for Thoth who was opposed by Ptah (lawful) and Anhur (chaotic). You were bisexual. You were in Sokoban, on level 4. You entered the dungeon 5498 turns ago. You had 605 experience points, 35 more were needed to attain level 7. Basics: You had 0 out of 57 hit points. You had all 56 energy points (spell power). Your armor class was 8. Your wallet contained 129 zorkmids. Autopickup was on for '$!?/"=+' plus thrown, with exceptions. Final Characteristics: Your strength was 13 (limit:18/50). Your dexterity was 12 (limit:18). Your constitution was 17 (limit:18). Your intelligence was 19 (limit:19). Your wisdom was 9 (limit:18). Your charisma was 11 (limit:18). Final Status: You were not hungry. You were unencumbered. You were wielding daggers. You had basic skill with dagger. Final Attributes: You were piously aligned. You were magic-protected. You were fire resistant. You were telepathic. You had infravision. You were warded. You are dead. Miscellaneous: You never encountered a bones level. Total elapsed playing time was 1 hour, 19 minutes and 17 seconds. Vanquished creatures: a warg an ettin zombie a wolf 2 winter wolf cubs a vampire bat a jaguar a blue jelly a fire ant an orc shaman a rock piercer a violet fungus a gray ooze a floating eye 4 hill orcs 2 rothes a rabid rat a centipede 2 giant bats a wererat 3 hobbits a hobgoblin 2 yellow molds a red mold 2 jackals 3 kobolds 2 goblins 8 grid bugs 5 lichens a kobold zombie 5 newts 58 creatures vanquished. No species were genocided or became extinct. Voluntary challenges: You read items or engraved 7 times. You never genocided any monsters. You never polymorphed an object. You never changed form. You never touched an artifact. You used no wishes. You were celibate. You never generated conflict. You violated the special Sokoban rules once. Achievements: You attained the rank of Conjurer. You entered a shop. You entered Sokoban. You attained the rank of Thaumaturge. The Dungeons of Doom: levels 1 to 8 Level 1: "spb" Level 2: A fountain. Level 3: Some fountains, a sink, a tree. Level 4: A tree. Level 5: A general store. Level 6: Level 7: Many fountains. Oracle of Delphi. Level 8: A fountain. Stairs up to Sokoban, level 7. Sokoban: levels 7 up to 4 Level 4: <- You were here. Solved. Final resting place for you, killed by an owlbear. Level 5: Solved. Level 6: Solved. Level 7: Solved. Game over: __________ / \ / REST \ / IN \ / PEACE \ / \ | Raisse | | 129 Au | | killed by an | | owlbear | | | | | | 2022 | *| * * * | * _________)/\\_//(\/(/\)/\//\/|_)_______ Goodbye Raisse the Wizard... You died in Sokoban on dungeon level 4 with 2927 points, and 129 pieces of gold, after 5498 moves. You were level 6 with a maximum of 57 hit points when you died.